Map: Efflorescence LE

Players

MinJung - Winner!

  • Race: Terran Terran
  • League: Diamond
  • Spawn Location: 9:00

Amalcia - Winner!

  • Race: Zerg Zerg
  • Spawn Location: 6:00

qqq

  • Race: Protoss Protoss
  • League: Platinum
  • Spawn Location: 12:00

Massa

  • Race: Terran Terran
  • League: Platinum
  • Spawn Location: 3:00

VOD

Have the link to the VOD?

Description

Time

  • Played on: Sept. 6, 2020, 11:13 a.m.
  • Length: 3:10
Show
View Real Time Build Order
Export as new Build Order

MinJung Terran - Winner!

Build Orders:  

Get SALT Encoding   

  12  0:00  SCV  
  13  0:13  SCV  
  14  0:18  Supply Depot  
  14  0:25  SCV  
  15  0:40  Barracks  
  15  0:45  Refinery  
  15  0:58  Barracks  
  15  1:02  SCV  
  16  1:14  SCV  
  17  1:29  Reaper  
  17  1:30  Orbital Command  
  18  1:37  Refinery  
  18  1:46  Reaper  
  19  2:03  Reaper  
  20  2:22  Marine  
  21  2:32  Barracks  
  21  2:34  Bunker  
  21  2:35  Reaper  
  22  2:38  Supply Depot  
Show
View Real Time Build Order
Export as new Build Order

Amalcia Zerg - Winner!

Build Orders: Pool First 

Get SALT Encoding   

  12  0:01  Drone  
  13  0:08  Drone  
  14  0:18  Overlord  
  14  0:36  Drone x3  
  17  0:47  Spawning Pool  
  17  0:48  Drone  
  17  1:13  Hatchery  
  17  1:14  Drone  
  17  1:17  Drone  
  18  1:22  Drone  
  18  1:25  Extractor  
  18  1:40  Drone  
  18  1:46  Drone  
  20  2:00  Queen  
  22  2:07  Spine Crawler  
  22  2:08  Zergling x2  
  22  2:11  Overlord  
  22  2:24  Zergling x2  
  22  2:47  Drone x2  
  22  2:48  Drone  
Show
View Real Time Build Order
Export as new Build Order

qqq Protoss 

Build Orders:  

Get SALT Encoding   

  12  0:00  Probe  
  13  0:13  Probe  
  14  0:20  Pylon  
  14  0:25  Probe  
  15  0:38  Probe  
  15  0:41  Forge  
  16  0:50  Probe (Chrono Boost)  
  17  1:03  Probe (Chrono Boost)  
  18  1:08  Probe (Chrono Boost)  
  19  1:17  Probe  
  20  1:29  Probe  
  21  1:33  Pylon  
  21  1:40  Pylon  
  21  1:41  Probe  
  22  1:50  Pylon  
  22  1:53  Probe  
  23  2:05  Probe  
  24  2:09  Photon Cannon  
  23  2:17  Probe  
  24  2:26  Photon Cannon  
  24  2:29  Probe  
  21  2:41  Probe  
Show
View Real Time Build Order
Export as new Build Order

Massa Terran 

Build Orders: Reaper Expand 

Get SALT Encoding   

  12  0:00  SCV  
  13  0:12  SCV  
  14  0:21  Supply Depot  
  14  0:24  SCV  
  15  0:42  SCV  
  16  0:44  Barracks  
  16  0:54  SCV  
  17  1:04  Refinery  
  17  1:06  SCV  
  18  1:19  SCV  
  19  1:41  Command Center  
  19  1:47  Orbital Command  
  19  2:04  Reaper  
  20  2:21  Barracks  
  20  2:24  Barracks  
  20  2:27  Barracks  
  20  2:36  Reaper  
  20  2:53  SCV  
Tags
 
Add a new tag
Caveats
  • Supply blocks, unpowered buildings, or Contaminate may cause inaccurate times.
  • Supply counts are checked every 10 seconds.